Map: Frozen Temple

Players

Peppermint

  • Race: Terran Terran
  • League: Platinum

frums - Winner!

  • Race: Zerg Zerg
  • League: Platinum

VOD

Have the link to the VOD?

Description

Time

  • Played on: April 15, 2016, 3:31 p.m.
  • Length: 13:42
Show
View Real Time Build Order
Export as new Build Order

Peppermint Terran 

Build Orders: Reaper Expand, MMM Bio 

Get SALT Encoding   

  12  0:00  SCV  
  13  0:13  SCV  
  14  0:18  Supply Depot  
  14  0:25  SCV  
  15  0:40  SCV, Barracks  
  16  0:46  Refinery  
  16  0:52  SCV  
  16  1:15  SCV  
  17  1:27  SCV  
  18  1:39  SCV  
  19  1:51  Orbital Command, Reaper  
  20  1:59  Command Center  
  20  2:18  SCV  
  20  2:21  Supply Depot  
  21  2:27  Factory  
  21  2:29  Refinery  
  21  2:30  SCV, Marine  
  23  2:42  SCV  
  24  2:54  SCV  
  24  2:56  Barracks Reactor  
  25  3:08  SCV  
  26  3:13  Factory Tech Lab  
  26  3:16  Starport  
  26  3:17  Orbital Command  
  26  3:20  SCV  
  26  3:32  SCV  
  26  3:34  Marine x2  
  27  3:35  Siege Tank  
  32  3:41  Orbital Command  
  32  3:54  Medivac  
  32  3:55  Marine x2  
  36  4:02  SCV  
  37  4:07  SCV  
  38  4:14  SCV, Supply Depot  
  41  4:19  SCV  
  40  4:26  Factory Reactor, SCV  
  40  4:27  Stimpack  
  40  4:28  Marine  
  42  4:31  Viking  
  42  4:32  Orbital Command  
  42  4:37  Supply Depot  
  44  4:46  Marine  
  44  4:52  SCV  
  46  4:55  Bunker  
  46  5:00  SCV  
  46  5:01  Supply Depot  
  46  5:04  SCV  
  48  5:12  SCV  
  49  5:17  Barracks  
  47  5:21  Barracks  
  47  5:33  SCV x2  
  49  5:39  Marine  
  49  5:41  Factory Tech Lab, Starport Reactor  
  50  5:45  SCV x2  
  52  5:56  Command Center  
  52  5:57  Marine, SCV x2, Supply Depot  
  52  5:58  Engineering Bay  
  52  5:59  Engineering Bay  
  52  6:01  Supply Depot  
  52  6:02  Siege Tank  
  58  6:09  SCV x2  
  60  6:13  Marine x2  
  60  6:14  Marine x2  
  60  6:15  Marine  
  65  6:20  Supply Depot  
  65  6:21  SCV x2  
  65  6:24  Medivac x2  
  65  6:25  Supply Depot  
  71  6:29  Refinery  
  71  6:31  Marine x3  
  74  6:33  SCV, Refinery  
  74  6:38  SCV  
  74  6:39  Marine x2  
  78  6:45  SCV  
  78  6:46  Siege Tank  
  81  6:49  Marine x3  
  84  6:56  Supply Depot  
  84  6:57  Marine x2  
  84  6:59  Supply Depot, Terran Infantry Weapons Level 1  
  84  7:01  Terran Infantry Armor Level 1  
  86  7:02  SCV  
  86  7:03  SCV  
  88  7:10  Marine x3  
  88  7:15  Marine x2  
  93  7:16  Medivac  
  93  7:19  Medivac  
  97  7:24  Orbital Command  
  97  7:28  Marine x2  
  97  7:29  Supply Depot  
  99  7:31  Supply Depot  
  99  7:32  Marine, SCV  
  99  7:33  Marine  
  99  7:34  Marine  
  103  7:37  Combat Shields  
  103  7:41  Siege Tank  
  103  7:43  Orbital Command  
  106  7:45  SCV x2  
  106  7:49  Marine x2  
  106  7:50  Marine  
  111  7:57  SCV  
  112  8:00  Barracks  
  112  8:02  SCV  
  112  8:04  Marine x2  
  112  8:05  Barracks  
  115  8:09  SCV  
  116  8:25  Marine x2, Missile Turret x4  
  116  8:26  Marine  
  117  8:27  Marine  
  117  8:32  Marine  
  119  8:34  Missile Turret  
  119  8:38  SCV x3  
  122  8:42  Missile Turret  
  122  8:43  Marine x2  
  124  8:50  Armory, SCV x3  
  124  8:53  Missile Turret  
  127  8:56  Marine  
  127  8:57  Marine  
  127  8:58  Marine  
  127  9:01  Supply Depot  
  130  9:03  Supply Depot  
  130  9:07  Marine x4  
  134  9:14  Marine  
  134  9:15  Marine  
  134  9:16  Marine  
  137  9:22  Medivac x2  
  141  9:24  Marine  
  141  9:25  SCV x3, Marine x2  
  147  9:37  SCV  
  148  9:43  Marine x3  
  148  9:44  Marine x4  
  151  9:52  Medivac x2  
  141  10:01  Marine  
  141  10:02  Terran Infantry Weapons Level 2  
  141  10:03  Terran Infantry Armor Level 2  
  142  10:16  Marine x4  
  142  10:17  Marine x2  
  142  10:19  Marine  
  134  10:34  Marine x3  
  117  10:43  Marine  
  117  10:44  Marine x3  
  117  10:45  Siege Tank  
  117  10:46  Medivac  
  125  10:52  Marine x3  
  118  11:01  Marine  
  84  11:07  Marine  
  84  11:09  Marine  
  84  11:10  Marine x2  
  87  11:16  Barracks Reactor  
  87  11:17  Siege Tank, Barracks Tech Lab  
  86  11:19  Marine  
  87  11:28  Marine x4  
  91  11:35  Marine  
  91  11:37  Marine  
  93  11:45  Marine  
  93  11:46  Marine x3  
  97  11:48  Liberator  
  97  11:50  Missile Turret  
  97  11:52  Liberator, Missile Turret  
  97  11:53  Marine  
  98  11:55  Marine x2  
  98  11:57  Marine  
  101  12:03  Marine x2  
  101  12:04  Marine x2  
  101  12:05  Factory  
  108  12:11  Marine  
  112  12:23  Refinery  
  112  12:24  Marine x6  
  112  12:25  Marine, Refinery  
  112  12:29  Marine  
  120  12:38  Orbital Command  
  120  12:42  Marine x2  
  120  12:43  Marauder  
  124  12:45  Concussive Shells  
  124  12:46  Marine x2  
  124  12:47  Marauder, Marine x2  
  106  12:59  Marine x2  
Show
View Real Time Build Order
Export as new Build Order

frums Zerg - Winner!

Build Orders: Hatch First, Muta Ling Bane 

Get SALT Encoding   

  12  0:01  Drone  
  13  0:10  Drone  
  14  0:19  Overlord  
  14  0:28  Extractor  
  13  0:29  Drone, Extractor  
  13  0:31  Drone  
  16  0:38  Drone  
  17  0:59  Hatchery  
  16  1:09  Drone x2  
  18  1:14  Extractor  
  17  1:22  Spawning Pool  
  17  1:23  Drone  
  17  1:38  Drone  
  17  1:39  Drone  
  19  1:42  Overlord  
  19  2:09  Queen  
  19  2:11  Queen  
  19  2:12  Zergling x4  
  19  2:13  Zergling x2  
  26  2:44  Drone x6  
  28  2:48  Queen  
  28  2:51  Queen  
  36  3:02  Metabolic Boost  
  36  3:07  Overlord  
  36  3:09  Overlord  
  36  3:26  Drone  
  38  3:27  Drone x5  
  38  3:28  Drone  
  43  3:38  Drone x3  
  46  3:44  Baneling Nest  
  45  4:04  Drone x2, Extractor  
  45  4:05  Drone, Extractor  
  45  4:06  Lair  
  45  4:09  Zergling x6  
  49  4:10  Overlord x2  
  49  4:23  Drone  
  50  4:24  Extractor  
  50  4:26  Hatchery  
  47  4:40  Drone x3  
  47  4:41  Drone  
  47  4:42  Drone x3  
  54  4:58  Drone x2  
  51  5:28  Queen  
  53  5:36  Centrifical Hooks  
  53  5:37  Zergling x16, Spire  
  53  5:38  Overlord  
  53  5:39  Overlord x2  
  53  5:40  Queen  
  53  5:41  Drone  
  53  5:42  Drone  
  64  5:53  Evolution Chamber  
  64  5:55  Overlord x2  
  64  5:56  Evolution Chamber  
  62  6:01  Drone x2  
  62  6:02  Drone x4  
  68  6:13  Queen  
  68  6:15  Drone  
  68  6:16  Drone x2  
  73  6:28  Zerg Melee Weapons Level 1  
  73  6:29  Zerg Ground Armor Level 1  
  73  6:32  Drone x3  
  76  6:33  Drone x3  
  76  6:35  Extractor  
  76  6:36  Extractor  
  77  6:43  Baneling x8  
  77  6:44  Zergling x16  
  85  6:59  Overlord  
  85  7:08  Drone x4  
  88  7:09  Drone x4  
  93  7:21  Zerg Flyer Weapons Level 1, Mutalisk  
  93  7:22  Mutalisk x2  
  99  7:29  Mutalisk x3  
  101  7:31  Overlord x2  
  101  7:34  Drone  
  106  7:55  Mutalisk  
  106  7:56  Mutalisk x7  
  122  8:00  Overlord x4  
  122  8:17  Mutalisk x4  
  130  8:24  Zerg Melee Weapons Level 2  
  130  8:27  Mutalisk  
  130  8:28  Mutalisk  
  130  8:32  Hatchery  
  133  9:15  Zerg Ground Armor Level 2  
  133  9:18  Zerg Flyer Weapons Level 2  
  133  9:20  Zergling x2  
  133  9:21  Zergling x24  
  146  9:26  Baneling x7  
  146  9:27  Baneling x15  
  146  9:30  Zergling x12  
  146  9:31  Zergling x4  
  154  9:32  Overlord x2  
  154  9:33  Overlord x2  
  152  9:51  Zergling x16  
  152  9:52  Zergling x8  
  154  10:10  Drone x3, Extractor  
  154  10:11  Drone x6, Extractor  
  139  10:34  Zergling x26  
  139  10:35  Zergling x8  
  139  10:45  Zergling x2  
  139  10:46  Zergling x10  
  114  11:07  Zergling x2  
  114  11:08  Zergling x26  
  114  11:09  Zergling x4  
  114  11:11  Mutalisk  
  131  11:21  Drone  
  132  11:35  Mutalisk  
  132  11:36  Mutalisk x10  
  154  11:48  Zerg Flyer Armor Level 1  
  154  11:51  Infestation Pit  
  153  12:11  Baneling x2  
  153  12:12  Baneling x23  
  153  12:13  Zergling x10  
  153  12:14  Zergling x32  
  174  12:21  Spore Crawler x2  
  172  12:25  Spine Crawler  
  172  12:27  Spine Crawler  
  170  12:35  Spore Crawler  
  169  12:37  Spore Crawler, Spine Crawler  
  169  12:38  Spine Crawler  
  169  12:39  Drone x4  
  169  12:44  Spine Crawler  
  169  12:45  Spine Crawler  
  143  13:16  Zergling x2  
  143  13:17  Zergling x50  
  143  13:18  Zergling x4  
Tags
 
Add a new tag
Caveats
  • Supply blocks, unpowered buildings, or Contaminate may cause inaccurate times.
  • Supply counts are checked every 10 seconds.